 Dungeon Crawl Stone Soup version 0.27-a0-1149-g4505690ab0 (webtiles) character file.

Game seed: 2997675886090282040

18 senseless the Shield-Bearer (level 2, -1/19 HPs)
             Began as a Gargoyle Fighter on May 13, 2021.
             Was an Initiate of Qazlal.
             Slain by a necrophage (4 damage)
             ... on level 2 of the Dungeon.
             The game lasted 00:02:38 (970 turns).

senseless the Shield-Bearer (Gargoyle Fighter)       Turns: 970, Time: 00:02:39

Health: -1/19      AC:  8    Str: 19    XL:     2   Next: 66%
Magic:  2/2        EV:  8    Int:  8    God:    Qazlal [......]
Gold:   82         SH:  9    Dex:  9    Spells: 1/1 levels left

rFire    + . .     SeeInvis .   a - +0 long sword
rCold    . . .     Faith    .   c - +0 kite shield
rNeg     + . .     Spirit   .   f - +0 ring mail {rF+}
rPois    ∞         Reflect  .   (no helmet)
rElec    +         Harm     .   (no cloak)
rCorr    .         Rampage  .   (no gloves)
Will     .....                  (no boots)
Stlth    ..........             (no amulet)
HPRegen  0.06/turn              (no ring)
MPRegen  0.08/turn              (no ring)

@: mighty
A: sickness immunity, AC +2, negative energy resistance 1, electricity
resistance, torment resistance 1, petrification resistance
a: Renounce Religion


You were on level 2 of the Dungeon.
You worshipped Qazlal.
Qazlal was noncommittal.
You visited 1 branch of the dungeon, and saw 2 of its levels.

You collected 82 gold pieces.

Inventory:

Hand Weapons
 a - a +0 long sword (weapon)
Armour
 b - a +0 scale mail
 c - a +0 kite shield (worn)
 f - a +0 ring mail of fire resistance (worn)
Potions
 e - 2 potions of resistance {unknown}
 h - a potion of mutation {unknown}


   Skills:
 + Level 3.5 Fighting
 + Level 2.0 Long Blades
 + Level 3.5 Armour
 + Level 3.6 Shields


You had one spell level left.
You didn't know any spells.
Your spell library contained the following spells:

 Spells                   Type           Power      Damage    Failure   Level
 Animate Skeleton         Necr           0%         N/A       97%         1
 Apportation              Tloc           0%         N/A       97%         1
 Corona                   Hex            0%         N/A       97%         1
 Summon Small Mammal      Summ           0%         N/A       97%         1


Dungeon Overview and Level Annotations

Branches:
Dungeon (2/15)

Altars:
Qazlal


Innate Abilities, Weirdness & Mutations

You are immune to sickness and miasma.
Your stone body is resilient. (AC +2)
You are immune to poison.
You resist negative energy. (rN+)
You are resistant to electric shocks. (rElec)
You are resistant to unholy torment.
You are immune to petrification.


Message History

You start waiting.
You feel your willpower return.
You climb downwards.
A frilled lizard comes into view.
The frilled lizard hisses angrily.
Found 9 gold pieces.
There is a stone staircase leading up here.
Found 10 arrows.
Found a stormy altar of Qazlal.
The frilled lizard bites you but does no damage.
You barely miss the frilled lizard. You block the frilled lizard's attack.
The frilled lizard bites you but does no damage.
Your shield and ring mail prevent you from hitting the frilled lizard.
The frilled lizard bites you but does no damage.
You block the frilled lizard's attack.
You closely miss the frilled lizard.
The frilled lizard bites you but does no damage.
You slash the frilled lizard!
You kill the frilled lizard!
No target in view!
You now have 82 gold pieces (gained 9).
There is a stormy altar of Qazlal here.
You kneel at the altar of Qazlal.
Qazlal welcomes you!
Qazlal grants you and your divine allies immunity to clouds.
Found a robe.
A necrophage comes into view.
A necrophage is nearby!
Found 8 gold pieces.
The necrophage hits you.
You hit the necrophage but do no damage.
The necrophage hits you but does no damage.
The necrophage hits you.
You closely miss the necrophage. The necrophage hits you. x2
You feel very mighty all of a sudden. The necrophage hits you.
* * * LOW HITPOINT WARNING * * *
You hit the necrophage.
The necrophage is lightly damaged.
The necrophage hits you.
You die...

##..............#
##..#######..(..##
##.....## #######
##.......##
#.........#
#.........#
#.........#
##.........#
#.....@n...#
#.............#
......?........#
...##..........#
####.........[.#
#...........#
...$........##
.............


You could see a necrophage.

Vanquished Creatures
  2 endoplasms (D:1)
  2 giant cockroaches (D:1)
  2 goblins (D:1)
  2 hobgoblins (D:1)
  2 jackals (D:1)
  A bat (D:1)
  2 frilled lizards
  3 kobolds (D:1)
  A rat (D:1)
17 creatures vanquished.

Notes
Turn   | Place    | Note
-------+----------+-------------------------------------------
     0 | D:1      | senseless the Gargoyle Fighter began the quest for the Orb.
     0 | D:1      | Reached XP level 1. HP: 14/14 MP: 1/1
   156 | D:1      | Reached XP level 2. HP: 13/19 MP: 2/2
   928 | D:2      | Found a stormy altar of Qazlal.
   946 | D:2      | Became a worshipper of Qazlal Stormbringer
   962 | D:2      | Noticed a necrophage
   970 | D:2      | Slain by a necrophage

Illustrated notes

Levels and vault maps discovered:
D:1:      dpeg_arrival_round_a, layout_rooms, grunt_decor_cap,
          serial_park_tiny_1
D:2:      layout_rooms, basic_altar, grunt_ministairs_10, minmay_crystal_room

Skill      XL: |  1  2 |
---------------+-------+-----
Long Blades    | 2 |  2.0
Fighting       | |  3.5
Armour         | |  3.5
Shields        | |  3.6

Action                   || total
-------------------------++-------
Melee: Long sword        ||    50
  Use: Scroll            ||     2
       Potion            ||     1
Armor: Scale mail        ||    27
       Ring mail         ||    15
Dodge: Dodged            ||    17
Block: Kite shield       ||    35
       Rpst.: Long sword ||     3

Table legend: (Time is in decaauts)
 A = Elapsed time spent in this place.
 B = Non-inter-level travel time spent in this place.
 C = Inter-level travel time spent in this place.
 D = Time resting spent in this place.
 E = Time spent auto-exploring this place.
 F = Levels seen in this place.
 G = Mean time per level.
                   A        B        C        D        E       F      G
               +--------+--------+--------+--------+--------+-----+--------+
         Total |    995 |    977 |     18 |     47 |    754 |   2 |  497.5 |
       Dungeon |    995 |    977 |     18 |     47 |    754 |   2 |  497.5 |
               +--------+--------+--------+--------+--------+-----+--------+

Top non-repeatable levels by time:
     D:1: 949 daAuts
     D:2: 46 daAuts
